 Dungeon Crawl Stone Soup version 0.29-a0-330-g52719c12eb (webtiles) character file.

Game seed: 6909449615724424914

51 Ajdolov the Chiller (level 3, -5/24 HPs)
             Began as a Barachi Ice Elementalist on Apr 23, 2022.
             Killed from afar by Blork the orc (8 damage)
             ... with a puff of frost
             ... on level 4 of the Dungeon.
             The game lasted 00:01:50 (919 turns).

Ajdolov the Chiller (Barachi Ice Elementalist)       Turns: 919, Time: 00:01:51

Health: -5/24      AC:  6    Str:  9    XL:     3   Next: 81%
Magic:  4/6        EV: 12    Int: 17    God:
Gold:   75         SH:  0    Dex: 12    Spells: 2/6 levels left

rFire   . . .      SeeInvis .   (no weapon)
rCold   . . .      Faith    .   (no shield)
rNeg    . . .      Spirit   .   a - +0 robe
rPois   .          Reflect  .   (no helmet)
rElec   .          Harm     .   (no cloak)
rCorr   .          Rampage  .   (no gloves)
Will    .....                   (no boots)
Stlth   ++........              (no amulet)
HPRegen 0.08/turn               h - +4 ring of protection
MPRegen 0.10/turn               (no ring)

@: freezing walls, slow
A: amphibious, slowness 1, strong legs 1, +LOS
a: Hop


You were on level 4 of the Dungeon.
You visited 1 branch of the dungeon, and saw 3 of its levels.

You collected 75 gold pieces.

Inventory:

Armour
 a - a +0 robe (worn)
Jewellery
 h - a +4 ring of protection (left hand)
Scrolls
 c - 4 scrolls of identify {unknown}
 d - a scroll of blinking {unknown}
 g - a scroll of teleportation {unknown}
 j - 2 scrolls of enchant armour {unknown}
Potions
 e - a potion of curing {unknown}
 f - a potion of berserk rage {unknown}
 i - a potion of cancellation {unknown}


   Skills:
 - Level 2.1 Dodging
 - Level 1.7 Stealth
 - Level 2.1 Spellcasting
 * Level 6.4 Ice Magic


You had 2 spell levels left.
You knew the following spells:

 Your Spells              Type           Power      Damage    Failure   Level
a - Freeze                Ice            92%        1d10      1%          1
b - Frozen Ramparts       Ice            46%        1d6       4%          3

Your spell library contained the following spells:

 Spells                   Type           Power      Damage    Failure   Level
 Shock                    Conj/Air       4%         1d3       19%         1
 Ozocubu's Armour         Ice            23%        N/A       4%          3
 Hailstorm                Conj/Ice       12%        3d5       45%         4
 Swiftness                Air            1%         N/A       50%         3
 Airstrike                Air            0%         N/A       88%         4


Dungeon Overview and Level Annotations

Branches:
Dungeon (2/15)

Altars:

Annotations:
D:4 Blork the orc


Innate Abilities, Weirdness & Mutations

You are amphibious.
You cover ground slowly.
You can hop short distances.
You have an extended range of vision and can be seen from far away.


Message History

There is an open door here.
Blork the orc points at you and mumbles some strange words.
The puff of flame hits you but does no damage.
As you open the door, it creaks loudly!
There is an open door here.
Casting: Freeze (safe; 1% risk of failure)
Confirm with . or Enter, or press ? or * to list all spells.
You don't have enough magic to cast this spell.
Blork the orc is nearby!
Casting: Freeze (safe; 1% risk of failure)
Confirm with . or Enter, or press ? or * to list all spells.
You don't have enough magic to cast this spell.
You hit Blork the orc but do no damage.
Blork the orc hits you with a +0 scimitar.
Blork the orc hits you but does no damage.
You hit Blork the orc.
Blork the orc is lightly wounded.
Blork the orc closely misses you.
You hit Blork the orc but do no damage.
Blork the orc is lightly wounded.
Blork the orc barely misses you. Blork the orc casts a spell at you.
The magic dart hits you! Magic courses through your body.
Blork the orc hits you but does no damage.
Casting: Freeze (safe; 1% risk of failure)
Confirm with . or Enter, or press ? or * to list all spells.
The spell is quite dangerous to miscast (4% risk of failure)!
Continue anyway?
Casting: Frozen Ramparts (quite dangerous; 4% risk of failure)
Press: ? - help, Dir - look around, f - activate The walls around you are covered in ice.
The wall freezes Blork the orc.
Blork the orc screams, "Die!"
Blork the orc hits you with a +0 scimitar!
Ouch! That really hurt!
* * * LOW HITPOINT WARNING * * *
The wall freezes Blork the orc.
Blork the orc gestures at you while chanting.
The puff of frost hits you!
You die...

##+#... ......# ...
#..##+####+#....# ....
#..........'....#####....
#..........#.o)..........
#......##.^###)#.!.......
#......##..##..#.........
#..##......#...'.........
#..##......#####o........
#..........##.@#....#####
#..##..##..##.o#....#
#..######..##..'....#
#..# #...#####....# ####
#...# .##### #...# .
#...# .. ##### .. ###


You could see Blork the orc (fast).

Vanquished Creatures
  2 adders
  A dart slug (D:1)
  2 orcs (D:4)
  6 ball pythons
  3 giant cockroaches
  3 goblins
  2 hobgoblins (D:1)
  3 bats (D:1)
  3 frilled lizards (D:1)
  2 kobolds (D:1)
  A rat (D:1)
28 creatures vanquished.

Notes
Turn   | Place    | Note
-------+----------+-------------------------------------------
     0 | D:1      | Ajdolov the Barachi Ice Elementalist began the quest for
                  | the Orb.
     0 | D:1      | Reached XP level 1. HP: 13/13 MP: 3/3
    29 | D:1      | Reached skill level 5 in Ice Magic
   137 | D:1      | Reached XP level 2. HP: 14/19 MP: 1/5
   597 | D:1      | Found a faded altar of an unknown god.
   656 | D:2      | Reached skill level 6 in Ice Magic
   656 | D:2      | Reached XP level 3. HP: 16/24 MP: 3/6
   663 | D:2      | Learned a level 3 spell: Frozen Ramparts
   815 | D:2      | You fall into a shaft and drop 2 floors!
   827 | D:4      | Noticed Blork the orc
   919 | D:4      | Killed from afar by Blork the orc

Illustrated notes

Levels and vault maps discovered:
D:1:      lightli_arrival_isolated_outpost, layout_rooms,
          nicolae_ecumenical_lake_church, st_stairs_4
D:2:      layout_basic, grunt_ministairs_9, dk_noncrumbling_3
D:4:      layout_gridville, minmay_shop_enchanted_jewellery,
          kennysheep_generic_room_14, uniq_blork_the_orc

Skill      XL: |  1  2 |
---------------+-------+-----
Ice Magic      | 5 6 |  6.4
Dodging        | |  2.1
Stealth        | |  1.7
Spellcasting   | |  2.1

Action                   || total
-------------------------++-------
Melee: Unarmed           ||    16
 Cast: Freeze            ||    38
       Frozen Ramparts   ||     2
  Use: Potion            ||     1
Armor: Robe              ||    19
Dodge: Dodged            ||    35

Table legend: (Time is in decaauts)
 A = Elapsed time spent in this place.
 B = Non-inter-level travel time spent in this place.
 C = Inter-level travel time spent in this place.
 D = Time resting spent in this place.
 E = Time spent auto-exploring this place.
 F = Levels seen in this place.
 G = Mean time per level.
                   A        B        C        D        E       F      G
               +--------+--------+--------+--------+--------+-----+--------+
         Total |    998 |    971 |     27 |     28 |    708 |   3 |  332.7 |
       Dungeon |    998 |    971 |     27 |     28 |    708 |   3 |  332.7 |
               +--------+--------+--------+--------+--------+-----+--------+

Top non-repeatable levels by time:
     D:1: 709 daAuts
     D:2: 174 daAuts
     D:4: 114 daAuts
